 Dungeon Crawl Stone Soup version 0.30-a0-1066-g63dfefce0d (webtiles) character file.

Game seed: 1712801452638696236

32 cforsyth the Caller (level 3, -4/21 HPs)
             Began as an Octopode Summoner on Apr 12, 2023.
             Slain by a hobgoblin
             ... wielding a +0 mace
              (7 damage)
             ... on level 2 of the Dungeon.
             The game lasted 00:02:02 (1640 turns).

cforsyth the Caller (Octopode Summoner)             Turns: 1640, Time: 00:02:02

Health: -4/21      AC:  1    Str:  7    XL:     3   Next: 27%
Magic:  1/7        EV: 13    Int: 19    God:
Gold:   101        SH:  0    Dex: 12    Spells: 1/7 levels left

rFire   . . .      SeeInvis .    (no weapon)
rCold   . . .      Faith    .    (no shield)
rNeg    . . .      Spirit   .    (helmet restricted)
rPois   .          Reflect  .    (no amulet)
rElec   .          Rampage  .    (no ring)
rCorr   .                        (no ring)
Will    .....                    (no ring)
Stlth   +++                      (no ring)
HPRegen 0.23/turn                (no ring)
MPRegen 0.10/turn                (no ring)
                                 (no ring)
                                 (no ring)

@: no status effects
A: almost no armour, amphibious, 8 rings, camouflage 1, gelatinous body 1,
(nimble swimmer 1), tentacles
a: no special abilities


You were on level 2 of the Dungeon.
You visited 1 branch of the dungeon, and saw 2 of its levels.

You collected 101 gold pieces.

Inventory:

Missiles
 c - a throwing net
Scrolls
 e - a scroll of magic mapping {unknown}
 f - a scroll of blinking {unknown}
 h - a scroll of teleportation {unknown}
 j - 2 scrolls of identify {unknown}
 k - a scroll of noise {unknown}
 l - a scroll of poison {unknown}
Potions
 a - a potion of magic
 b - 4 potions of heal wounds {unknown}
 d - a potion of ambrosia {unknown}
 g - a potion of mutation {unknown}
 i - a potion of brilliance {unknown}


   Skills:
 - Level 2.0 Dodging
 - Level 2.6 Stealth
 + Level 2.7 Spellcasting
 + Level 4.5 Summonings


You had one spell level left.
You knew the following spells:

 Your Spells              Type           Power      Damage    Failure   Level
a - Summon Small Mammal   Summ           76%        N/A       2%          1
b - Call Imp              Summ           38%        N/A       3%          2
c - Call Canine Familiar  Summ           19%        N/A       7%          3

Your spell library contained the following spells:

 Spells                   Type           Power      Damage    Failure   Level
 Summon Guardian Golem    Hex/Summ       11%        N/A       19%         3
 Summon Lightning Spire   Summ/Air       11%        N/A       52%         4


Dungeon Overview and Level Annotations

Branches:
Dungeon (2/15)

Altars:
Fedhas


Innate Abilities, Weirdness & Mutations

You cannot wear most types of armour.
You are amphibious.
You can wear up to eight rings at the same time.
Your skin changes colour to match your surroundings (Stealth+).
Your rubbery body absorbs attacks. (AC +1, EV +1)
((You are camouflaged when in or above water. (Stealth+)))
You have tentacles for arms and can constrict up to eight enemies at once.


Message History

The spell is quite dangerous to miscast (7% risk of failure)!
Continue anyway?
You constrict the hobgoblin.
Your hound disappears in a puff of smoke!
The hobgoblin hits you with a +0 mace.
* * * LOW HITPOINT WARNING * * *
You swap places.
You release your grip on the hobgoblin.
Your hound bites the hobgoblin but does no damage.
The hobgoblin hits your hound with a +0 mace.
Your hound bites the hobgoblin but does no damage.
The hobgoblin hits your hound with a +0 mace!
Your hound dies!
Your hound's corpse disappears in a puff of smoke!
The hobgoblin shouts!
Casting: Call Canine Familiar (quite dangerous; 7% risk of failure)
Confirm with . or Enter, or press ? or * to list all spells.
You don't have enough magic to cast this spell.
Casting: Call Canine Familiar (quite dangerous; 7% risk of failure)
Confirm with . or Enter, or press ? or * to list all spells.
Unknown command.
The hobgoblin barely misses your quokka.
You tentacle-slap the bat but do no damage.
Your grab misses the bat. Your squeeze misses the bat.
The bat barely misses you. The bat barely misses your quokka.
Your quokka bites the hobgoblin but does no damage.
A goblin comes into view. It is wielding a +0 club.
Unknown command.
The bat hits you.
* * * LOW HITPOINT WARNING * * *
Your quokka closely misses the hobgoblin.
You miss the bat. You grab the bat. You constrict the bat.
The bat closely misses you.
Your quokka bites the hobgoblin but does no damage.
The bat escapes!
You tentacle-slap the hobgoblin but do no damage.
You grab the hobgoblin.
The hobgoblin is heavily wounded.
You constrict the hobgoblin.
Your quokka completely misses the hobgoblin.
The hobgoblin hits you with a +0 mace!
You die...

#...#### §####...##>########
#####..## ..?##..##.# ....
........####
#)##g.###'####.###
.........#.## ##.#..........#
. .......#....#
#.............# #.
.......###†## ##............#
#.
.......###.)###.r...).......#
#
.........h#^.#..g...........+
........†.##....@...........#
..........####..b...........#
..........# #..............#
..........# #..............#
###<#'##### #..............
###.#.# #........... ....#.#
#........... #####.#
#.......... # #.#


You could see a hobgoblin (ally target), a goblin, a bat and a friendly quokka
(summoned).

Vanquished Creatures
  3 bats (D:1)
  3 giant cockroaches (D:2)
  2 goblins (D:2)
  6 kobolds
  3 ball pythons (D:2)
  2 frilled lizards (D:2)
  A rat (D:1)
20 creatures vanquished.

Vanquished Creatures (collateral kills)
  2 giant cockroaches (D:2)
  2 goblins (D:2)
  A hobgoblin (D:2)
  A frilled lizard (D:1)
  2 kobolds
  4 rats
12 creatures vanquished.

Vanquished Creatures (others)
  A demonic plant (D:1)
1 creature vanquished.

Grand Total: 33 creatures vanquished

Notes
Turn   | Place    | Note
-------+----------+-------------------------------------------
     0 | D:1      | cforsyth the Octopode Summoner began the quest for the Orb.
     0 | D:1      | Reached XP level 1. HP: 11/11 MP: 3/3
   459 | D:1      | Found a faded altar of an unknown god.
   491 | D:1      | Reached XP level 2. HP: 17/17 MP: 1/5
  1199 | D:2      | Found a blossoming altar of Fedhas.
  1255 | D:2      | Learned a level 2 spell: Call Imp
  1385 | D:2      | Reached XP level 3. HP: 13/21 MP: 3/6
  1434 | D:2      | Learned a level 3 spell: Call Canine Familiar
  1640 | D:2      | Slain by a hobgoblin

Illustrated notes

Levels and vault maps discovered:
D:1:      dpeg_arrival_rooms_a, layout_basic,
          dreamdust_ecumenical_altar_sealed_demon, serial_forest,
          infiniplex_forest_lined_3_way, infiniplex_forest_lined_2,
          infiniplex_forest_clump_cross, infiniplex_forest_lined_room_2,
          infiniplex_forest_lined_room_3, infiniplex_forest_straight_1,
          infiniplex_forest_clump_diagonal
D:2:      layout_basic, basic_altar, minmay_fractal_squares_gapless_5

Action                     || total
---------------------------++-------
  Melee: Unarmed           ||    64
         Constrict         ||    18
         Tentacles         ||    13
   Cast: Summon Small Mamm ||    31
         Call Imp          ||     2
         Call Canine Famil ||     3
   Stab: Sleeping          ||     3
         Distracted        ||     1
 Armour: Skin              ||     8
  Dodge: Dodged            ||    50

Table legend: (Time is in decaauts)
 A = Elapsed time spent in this place.
 B = Non-inter-level travel time spent in this place.
 C = Inter-level travel time spent in this place.
 D = Time resting spent in this place.
 E = Time spent auto-exploring this place.
 F = Levels seen in this place.
 G = Mean time per level.
                   A        B        C        D        E       F      G
               +--------+--------+--------+--------+--------+-----+--------+
         Total |   1639 |   1596 |     43 |      0 |   1347 |   2 |  819.5 |
       Dungeon |   1639 |   1596 |     43 |      0 |   1347 |   2 |  819.5 |
               +--------+--------+--------+--------+--------+-----+--------+

Top non-repeatable levels by time:
     D:1: 965 daAuts
     D:2: 674 daAuts
